 Dungeon Crawl Stone Soup version 0.29.1-12-g30fa7ad0bf (webtiles) character file.

Game seed: 17626179044014708683

747 bubby the Grave Robber (level 7, 0/46 HPs)
             Began as a Demonspawn Necromancer on Jan 12, 2023.
             Slain by an ice beast (14 damage)
             ... on level 5 of the Dungeon.
             The game lasted 00:18:04 (4787 turns).

bubby the Grave Robber (Demonspawn Necromancer)     Turns: 4787, Time: 00:18:04

Health: 0/46       AC:  2    Str:  9    XL:     7   Next: 48%
Magic:  12/13      EV: 13    Int: 18    God:
Gold:   272        SH:  0    Dex: 13    Spells: 9/14 levels left

rFire   . . .      SeeInvis .   o - +2 short sword (protect)
rCold   . . .      Faith    .   (no shield)
rNeg    . . .      Spirit   .   a - +0 robe
rPois   .          Reflect  .   (helmet restricted)
rElec   .          Harm     .   (no cloak)
rCorr   .          Rampage  .   (no gloves)
Will    .....                   (no boots)
Stlth   +++.......              (no amulet)
HPRegen 0.15/turn               (no ring)
MPRegen 0.26/turn               (no ring)

@: corroded, under a protective aura
A: horns 2, magic regeneration, sharp scales 1
a: no special abilities


You were on level 5 of the Dungeon.
You visited 1 branch of the dungeon, and saw 5 of its levels.
You also visited: Sewer.

You collected 272 gold pieces.

Inventory:

Hand Weapons
 h - a +1 dagger of speed
 j - a +0 dagger of electrocution
 k - a +4 short sword
 o - a +2 short sword of protection (weapon)
 s - a +0 halberd
 x - a +2 vampiric whip
Missiles
 i - 16 poisoned darts
Armour
 a - a +0 robe (worn)
 n - a +0 chain mail
Jewellery
 v - a ring of willpower
Scrolls
 f - 2 scrolls of magic mapping {unknown}
 g - 4 scrolls of identify {unknown}
 l - 2 scrolls of teleportation {unknown}
 m - 2 scrolls of noise {unknown}
 t - a scroll of fear {unknown}
 u - a scroll of fog {unknown}
 w - a scroll of poison {unknown}
 y - a scroll of amnesia {unknown}
 z - a scroll of torment {unknown}
Potions
 b - a potion of magic
 c - 3 potions of flight {unknown}
 d - 2 potions of might {unknown}
 e - a potion of berserk rage {unknown}
 p - 2 potions of attraction {unknown}
 q - a potion of lignification {unknown}
 r - a potion of curing {unknown}
 A - a potion of ambrosia {unknown}
 B - 2 potions of mutation {unknown}
 C - a potion of heal wounds {unknown}


   Skills:
 + Level 4.1 Dodging
 + Level 4.3 Stealth
 + Level 4.2 Spellcasting
 + Level 6.3 Necromancy


You had 9 spell levels left.
You knew the following spells:

 Your Spells              Type           Power      Damage    Failure   Level
a - Necrotise             Necr           100%       1d9       1%          1
b - Animate Dead          Necr           26%        N/A       11%         4

Your spell library contained the following spells:

 Spells                   Type           Power      Damage    Failure   Level
 Sublimation of Blood     Necr           26%        N/A       1%          2
 Vampiric Draining        Necr           26%        2d7       3%          3
 Sandblast                Erth           6%         2d5       14%         1
 Ensorcelled Hibernation  Hex/Ice        6%         N/A       22%         2
 Passwall                 Tmut/Erth      2%         N/A       22%         2
 Agony                    Necr           26%        N/A       28%         5
 Conjure Flame            Conj/Fire      3%         6-21      41%         3
 Stone Arrow              Conj/Erth      6%         3d7       41%         3
 Swiftness                Air            3%         N/A       41%         3
 Petrify                  Tmut/Erth      3%         N/A       82%         4
 Irradiate                Conj/Tmut      1%         3d12      99%         5
 Fire Storm               Conj/Fire      1%         8d1       100%        9


Dungeon Overview and Level Annotations

Branches:
Dungeon (5/15)              Sewer (visited)
 Temple: D:4-7

Altars:
Dithmenos
Wu Jian


Innate Abilities, Weirdness & Mutations

You have a pair of horns on your head.
You regenerate magic rapidly.
You are partially covered in razor-sharp scales. (AC +1, Slay +1)


Message History

Confirm with . or Enter, or press ? or * to list all spells.
Aiming: Necrotise (safe; 1% risk of failure)
Press: ? - help, Shift-Dir - straight line, f - ice beast
Aim: an ice beast (chance to affect: 83%)
Okay, then.
Casting: Necrotise (safe; 1% risk of failure)
Confirm with . or Enter, or press ? or * to list all spells.
You don't know that spell.
Sorry, you're not good enough to have a special ability.
Unknown command.
You hit the jelly but do no damage.
Your hands burn!
You punch the jelly, but do no damage.
The jelly is heavily wounded.
The jelly hits you but does no damage. The ice beast misses you.
Your jelly zombie hits the jelly.
Your jelly zombie is burned by acid!
You hit the jelly but do no damage.
Your hands burn!
You headbutt the jelly, but do no damage.
The jelly is severely wounded.
The jelly hits you.
You are splashed with acid!
The ice beast barely misses you.
Your jelly zombie hits the jelly.
Your jelly zombie is burned by acid!
The jelly hits your jelly zombie.
Your jelly zombie is splashed with acid!
The ice beast hits you. The ice beast freezes you.
Your jelly zombie hits the jelly.
Your jelly zombie is burned by acid!
The jelly hits your jelly zombie.
Your jelly zombie is splashed with acid.
The acid corrodes your jelly zombie!
Your jelly zombie is destroyed!
The jelly quivers.
Casting: Necrotise (safe; 1% risk of failure)
Confirm with . or Enter, or press ? or * to list all spells.
Aiming: Necrotise (safe; 1% risk of failure)
Press: ? - help, Shift-Dir - straight line, f - jelly
Aim: a jelly (almost dead, chance to affect: 88%)
The ice beast writhes in agony.
The ice beast hits you. The ice beast freezes you!
You die...

............###
..>.............
..................
...................
..............>....
..................
...........## ..
..##...........YJ#.#
.#.........)...@..##
.....................#
......###......#.#....
## #...# ##.......#
..#
.###..######......##
.# ....).....#.......#
..................#
.#.####...........###
.###
#..............##.


You could see an ice beast and a jelly.

Vanquished Creatures
  Pargi (Sewer)
  A black bear (D:4)
  An ogre (D:5)
  2 scorpions
  A jelly (D:5)
  4 hounds
  4 gnolls
  An adder (D:3)
  3 worms
  A dart slug (D:1)
  10 orcs
  6 ball pythons
  3 endoplasms
  9 goblins
  7 hobgoblins
  3 quokkas
  7 bats
  6 frilled lizards
  10 kobolds
  6 rats
86 creatures vanquished.

Vanquished Creatures (collateral kills)
  A howler monkey (D:4)
  3 gnolls
  An orc (D:4)
  2 goblins
  A kobold (D:2)
  A rat (D:3)
9 creatures vanquished.

Vanquished Creatures (others)
  A scorpion zombie (D:5)
  A jelly zombie (D:5)
  A kobold zombie (Sewer)
  3 orc zombies (D:4)
  A plant (D:5)
7 creatures vanquished.

Grand Total: 102 creatures vanquished

Notes
Turn   | Place    | Note
-------+----------+-------------------------------------------
     0 | D:1      | bubby the Demonspawn Necromancer began the quest for the
                  | Orb.
     0 | D:1      | Reached XP level 1. HP: 13/13 MP: 3/3
   448 | D:1      | Gained mutation: You have a pair of small horns on your
                  | head. [demonic ancestry]
   448 | D:1      | Reached XP level 2. HP: 19/19 MP: 0/5
   887 | D:1      | Gained mutation: You are partially covered in razor-sharp
                  | scales. (AC +1, Slay +1) [demonic ancestry]
   887 | D:1      | Reached XP level 3. HP: 13/24 MP: 6/6
  1805 | D:2      | Gained mutation: You regenerate magic rapidly. [demonic
                  | ancestry]
  1805 | D:2      | Reached XP level 4. HP: 29/30 MP: 1/7
  1806 | D:2      | Reached skill level 5 in Necromancy
  2614 | D:3      | Reached XP level 5. HP: 32/35 MP: 9/9
  2619 | D:3      | Learned a level 4 spell: Animate Dead
  2839 | D:3      | Found an ornate altar of the Wu Jian Council.
  3210 | D:4      | Found a glowing drain.
  3222 | Sewer    | Entered a sewer
  3423 | Sewer    | Noticed Pargi
  3454 | Sewer    | Killed Pargi
  3455 | Sewer    | Reached XP level 6. HP: 3/41 MP: 8/11
  4050 | D:4      | Found a shadowy altar of Dithmenos.
  4329 | D:4      | Reached skill level 6 in Necromancy
  4329 | D:4      | Gained mutation: You have a pair of horns on your head.
                  | [demonic ancestry]
  4329 | D:4      | Reached XP level 7. HP: 35/46 MP: 9/12
  4504 | D:4      | You fall into a shaft and drop 1 floor!
  4504 | D:5      | Entered Level 5 of the Dungeon
  4522 | D:5      | Got Soqapodd's Tractate on Conflagration
  4787 | D:5      | Slain by an ice beast

Illustrated notes

Levels and vault maps discovered:
D:1:      giann_bridges, layout_basic, hex_large
D:2:      layout_rooms, serial_corexii_hall, corexii_hall_statues_t,
          corexii_hall_statues_s, amcnicky_mini_corridor_feature,
          minmay_goblin_kobold_house
D:3:      layout_rooms, pdpol_wu_jian_five_deadly_venoms
D:4:      layout_gridville, mainiacjoe_overflow_catwalk, zin_purify,
          grunt_dithmenos_smoke, cheibrodos_sewer_entry_drain
D:5:      layout_cave_pools, minmay_temple_entry_statues_pillars,
          chequers_big_river

Skill      XL: |  1  2  3  4  5  6  7 |
---------------+----------------------+-----
Stealth        | 2 3 4 |  4.3
Dodging        | 2 3 4 |  4.1
Necromancy     | 5 6 |  6.3
Spellcasting   | 3 4 |  4.2

Action                   |  1- 3 |  4- 6 |  7- 9 || total
-------------------------+-------+-------+-------++-------
Melee: Unarmed           |    12 |       |       ||    12
       Dagger            |     8 |       |       ||     8
       Headbutt          |     3 |    16 |     9 ||    28
       Short sword       |    14 |    99 |    30 ||   143
       Punch             |       |     1 |     2 ||     3
 Cast: Necrotise         |    63 |    53 |     3 ||   119
       Animate Dead      |       |     5 |     1 ||     6
 Stab: Sleeping          |     1 |     1 |       ||     2
Armor: Robe              |     2 |    67 |    16 ||    85
Dodge: Dodged            |    25 |   106 |    23 ||   154
